 Dungeon Crawl Stone Soup version 0.24-b1 (webtiles) character file.

Game seed: 9441051717524466076, levelgen mode: deterministic

18 Masnef the Magician (level 2, 0/11 HPs)
             Began as a Felid Wizard on Oct 12, 2019.
             Slain by a worm (11 damage)
             ... on level 2 of the Dungeon.
             The game lasted 00:01:50 (1047 turns).

Masnef the Magician (Felid Wizard)                  Turns: 1047, Time: 00:01:51

Health: 0/11       AC:  1    Str:  3    XL:     2   Next: 51%
Magic:  2/7        EV: 17    Int: 19    God:
Gold:   63         SH:  0    Dex: 14    Spells: 6/7 levels left
                                        Lives:  0   Deaths: 0

rFire    . . .     SeeInvis +     - Unarmed
rCold    . . .     Gourm    .   (shield unavailable)
rNeg     . . .     Faith    .   (armour unavailable)
rPois    .         Spirit   .   (helmet unavailable)
rElec    .         Reflect  .   (cloak unavailable)
rCorr    .         Harm     .   (gloves unavailable)
MR       .....                  (boots unavailable)
Stlth    +++.......             (no amulet)
HPRegen  0.03/turn              (no ring)
MPRegen  0.10/turn              (no ring)

@: quick
A: very small, no armour, no weapons or thrown items, stealth, claws 1, fangs 3,
see invisible, carnivore, speed 1, shaggy fur 1, slow metabolism 1, sharp paws
a: no special abilities


You were on level 2 of the Dungeon.
You were not hungry.

You visited 1 branch of the dungeon, and saw 2 of its levels.

You collected 63 gold pieces.

Inventory:

Scrolls
 c - a scroll of remove curse {unknown}
 e - a scroll of fog {unknown}
Potions
 a - a potion of might {unknown}
 d - a potion of curing {unknown}
Comestibles
 b - 3 rations


   Skills:
 + Level 0.2 Fighting
 - Level 2.6 Dodging
 + Level 2.9 Stealth
 * Level 2.0 Unarmed Combat
 - Level 3.0 Spellcasting
 - Level 0.8 Conjurations
   Level 1.0 Summonings
   Level 1.5 Translocations


You had 6 spell levels left.
You knew the following spells:

 Your Spells              Type           Power        Failure   Level  Hunger
a - Magic Dart            Conj           #...         11%         1    None

Your spell library contained the following spells:

 Spells                   Type           Power        Failure   Level  Hunger
 Blink                    Tloc           N/A          12%         2    ##.....
 Call Imp                 Summ           #.......     16%         2    ##.....
 Slow                     Hex            #.......     22%         2    ##.....
 Conjure Flame            Conj/Fire      #.......     36%         3    ###....
 Mephitic Cloud           Conj/Pois/Air  #.......     38%         3    ###....


Dungeon Overview and Level Annotations

Branches:
Dungeon (2/15)

Altars:


Innate Abilities, Weirdness & Mutations

You cannot wear armour.
You are incapable of wielding weapons or throwing items.
Your paws allow you to move quietly. (Stealth)
You have sharp claws.
You have razor-sharp teeth.
You have supernaturally acute eyesight. (SInv)
You are carnivorous and can eat meat at any time.
You cover ground quickly.
You are covered in fur. (AC +1)
You have a slow metabolism.
Your sharp claws are effective at attacking unaware monsters.


Message History

Casting: Magic Dart (safe; 11% risk of failure)
Confirm with . or Enter, or press ? or * to list all spells.
Aiming: Magic Dart (safe; 11% risk of failure)
Press: ? - help, Shift-Dir - straight line, f/p - worm
Aim: a worm (heavily wounded)
The magic dart hits the worm.
The worm is heavily wounded.
You scratch the worm.
The worm is heavily wounded.
The worm misses you.
You scratch the worm but do no damage. Your bite misses the worm.
The worm is heavily wounded.
You scratch the worm.
The worm is severely wounded.
The worm barely misses you.
You scratch the worm.
The worm is severely wounded.
The worm bites you!
Ouch! That really hurt!
You die...

#.# ###.########
.......#...##
###.##......##
#...##.......##
....#.........####
#................#
#.............##.#
##...#.......###@#
##†##.......# #w#
............# #g#
##.############S##
#+# #...#
#######.#.#
#.........#
#.###<#.### #..S.#


You could see a worm, an adder and a hobgoblin.

Vanquished Creatures
  An ooze (D:1)
  4 bats (D:1)
  A giant cockroach (D:2)
  2 goblins (D:1)
  A hobgoblin (D:1)
  A kobold (D:1)
  2 rats (D:2)
12 creatures vanquished.

Notes
Turn   | Place    | Note
-------+----------+-------------------------------------------
     0 | D:1      | Masnef the Felid Wizard began the quest for the Orb.
     0 | D:1      | Reached XP level 1. HP: 7/7 MP: 5/5
     2 | D:1      | Noticed an octopode
     2 | D:1      | Noticed a formicid
     4 | D:1      | Noticed a vampire
     6 | D:1      | Noticed a naga
     6 | D:1      | Noticed a demigod
     8 | D:1      | Noticed a gargoyle
     8 | D:1      | Noticed a demonspawn
    12 | D:1      | Noticed a minotaur
    12 | D:1      | Noticed a dwarf
    14 | D:1      | Noticed a spriggan
    14 | D:1      | Noticed a draconian
    16 | D:1      | Noticed an ogre
    16 | D:1      | Noticed a felid
    18 | D:1      | Noticed a merfolk
    18 | D:1      | Noticed a human
    20 | D:1      | Noticed an elf
    22 | D:1      | Noticed a troll
    22 | D:1      | Noticed a ghoul
    24 | D:1      | Noticed a centaur
    24 | D:1      | Noticed a halfling
    26 | D:1      | Noticed a tengu
    26 | D:1      | Noticed a vine stalker
    47 | D:1      | Reached skill level 1 in Unarmed Combat
   509 | D:1      | Reached XP level 2. HP: 11/11 MP: 7/7
   921 | D:1      | You fall into a shaft and drop 1 floor!
  1047 | D:2      | Slain by a worm

Skill      XL: |  1  2 |
---------------+-------+-----
Unarmed Combat | 1 2 |  2.0
Fighting       | |  0.2
Dodging        | |  2.6
Stealth        | |  2.9
Spellcasting   | |  3.0
Conjurations   | |  0.8
Summonings     | |  1.0
Translocations | |  1.5

Action                   || total
-------------------------++-------
Melee: Unarmed           ||    43
 Cast: Magic Dart        ||    13
 Stab: Sleeping          ||     3
Armor: Skin              ||     4
Dodge: Dodged            ||    41
